 Dungeon Crawl Stone Soup version 0.31.0-32-g396128a36d (webtiles) character file.

Game seed: 2801640537308793466

1622 tizbic2 the Mimic (level 8, -1/63 HPs)
             Began as a Troll Fighter on Mar 25, 2024.
             Was a Follower of Qazlal.
             Slain by a gnoll
             ... wielding a +0 halberd
              (12 damage)
             ... on level 5 of the Dungeon.
             The game lasted 00:15:22 (3674 turns).

tizbic2 the Mimic (Troll Fighter)                   Turns: 3674, Time: 00:15:23

Health: -1/63      AC:  5    Str: 33    XL:     8   Next: 65%
Magic:  7/7        EV: 10    Int:  2    God:    Qazlal [*.....]
Gold:   229        SH:  1    Dex: 15    Spells: 7/7 levels left

rFire   . . .        n - melded +3 hand axe
rCold   . . .        c - melded +0 kite shield
rNeg    + . .        v - +1 robe {rN+}
rPois   .            r - +2 hat of Farfalle {Will- Regen+ Int-2 Dex+6}
rElec   .            (no cloak)
rCorr   .            (gloves unavailable)
SInv    .            (boots unavailable)
Will    .....        (no amulet)
Stlth   +            y - +6 ring of strength
HPRegen 1.90/turn    (no ring)
MPRegen 0.10/turn

%: no passive effects
@: blade hands
A: reduced hp, large, unfitting armour, (claws 3), regeneration 1, shaggy fur 1,
tough skin 1
a: Begin Untransformation, Renounce Religion


You were on level 5 of the Dungeon.
You worshipped Qazlal.
Qazlal was aware of your devotion.
You had blades for hands.
You visited 1 branch of the dungeon, and saw 5 of its levels.

You collected 229 gold pieces.

Inventory:

Hand Weapons
 a - a +2 whip of holy wrath
 h - a +2 flail of protection
 n - a +3 hand axe (melded)
 o - a +0 mace
 w - a +0 giant spiked club
Missiles
 g - 8 poisoned darts (quivered)
Armour
 c - a +0 kite shield (melded)
 r - the +2 hat of Farfalle (worn) {Will- Regen+ Int-2 Dex+6}
   (You found it on level 3 of the Dungeon)

   Int-2:     It affects your intelligence (-2).
   Dex+6:     It affects your dexterity (+6).
   Will-:     It decreases your willpower.
   Regen+:    It increases your rate of health regeneration.
 v - a +1 robe of positive energy (worn)
Jewellery
 y - a +6 ring of strength (left blade hand)
Talismans
 i - a granite talisman
 l - a beast talisman
 s - a blade talisman (active)
Wands
 x - a wand of roots (10)
Scrolls
 e - 2 scrolls of identify
 q - a scroll of teleportation
 u - 2 scrolls of vulnerability {unknown}
Potions
 d - a potion of might
 f - 3 potions of heal wounds
 j - a potion of mutation
 k - 2 potions of lignification {unknown}
 m - a potion of haste {unknown}
 p - a potion of magic {unknown}
 t - a potion of curing {unknown}
 z - a potion of invisibility {unknown}


   Skills:
 - Level 2.5 Fighting
 - Level 2.0 Maces & Flails
 - Level 2.5 Dodging
 - Level 2.9 Shields
 - Level 5.1 Unarmed Combat
 * Level 8.5 Shapeshifting


You had 7 spell levels left.
You didn't know any spells.
Your spell library contained the following spells:

 Spells                   Type           Power      Damage    Failure   Level
 Cigotuvi's Dreadful Rot  Necr/Alch/Air  0%         N/A       69%         2
 Ensorcelled Hibernation  Hex/Ice        0%         N/A       69%         2
 Fugue of the Fallen      Necr           0%         N/A       89%         3
 Anguish                  Hex/Necr       0%         N/A       100%        4
 Ignite Poison            Fire/Alch      0%         N/A       100%        4
 Freezing Cloud           Conj/Ice/Air   0%         6-21      100%        5
 Haunt                    Necr/Summ      0%         N/A       100%        7
 Borgnjor's Revivificati  Necr           0%         N/A       100%        8
 Death's Door             Necr           0%         N/A       100%        9


Dungeon Overview and Level Annotations

Branches:
Dungeon (5/15)
 Temple: D:4-7

Altars:
Ashenzari
Okawaru
Qazlal


Innate Abilities, Weirdness & Mutations

You have blades for hands.
Your maximum health is decreased, since you lack skill for your form.
You are incapable of wielding weapons or throwing items.
You are too large for most types of armour.
((You have claws for hands.))
Your natural rate of healing is unusually fast.
You are covered in fur. (AC +1)
You have tough skin. (AC +1)


Message History

You closely miss the gnoll.
The gnoll is severely wounded.
You slice the gnoll!!
You kill the gnoll!
Qazlal accepts your kill.
The orc wizard points at you and mumbles some strange words.
The puff of flame hits you!
You bump into the rock wall.
You feel less confused. The orc barely misses you.
The orc priest completely misses you.
You slash the orc priest!
The orc priest is almost dead.
The orc barely misses you.
The orc wizard points at you and mumbles some strange words.
The magic dart hits you!
The orc priest hits you with a +0 dagger.
The gnoll hits you from afar with a +0 halberd!
You barely miss the orc priest.
The orc priest is almost dead.
The orc barely misses you.
The orc wizard hits you with a +0 dagger.
The orc priest barely misses you.
The gnoll hits you from afar with a +0 halberd!
You hit the orc priest.
You kill the orc priest!
Qazlal accepts your kill. The orc hits you but does no damage.
The gnoll barely misses you. x2
The orc wizard points at you and mumbles some strange words.
You resist with significant effort. The orc hits you but does no damage.
The gnoll hits you with a +0 halberd! The gnoll barely misses you.
The orc wizard hits you with a +0 dagger.
* * * LOW HITPOINT WARNING * * *
Items here: )) [ †.
You slash the gnoll!
The gnoll is almost dead.
The orc hits you with a +0 war axe!
* * * LOW HITPOINT WARNING * * *
The gnoll hits you with a +0 halberd!
You die...

..# ##+## #.##.##.#
..# #.##.##.# .## ###.
#.##.##.# #...
#....##.# #.... #
#..####.# #....
#.###..# #.# #.....
#......####.#
......#######........#
#.###.g@.#......######
#.....goo#.######
########.#.# #...#
#####


You could see an orc wizard, 2 gnolls and an orc.

Vanquished Creatures
  Pikel (D:4)
  2 ogres (D:4)
  A centaur (D:5)
  2 phantoms (D:5)
  2 scorpions
  A howler monkey (D:4)
  A jelly (D:4)
  3 bombardier beetles
  A hound (D:5)
  4 orc priests
  A gnoll bouda (D:5)
  Jessica (D:2)
  3 orc wizards
  2 iguanas
  10 gnolls
  4 adders
  3 ribbon worms
  15 orcs
  2 ball pythons
  3 bats
  6 endoplasms
  2 giant cockroaches
  7 goblins
  6 hobgoblins
  4 jackals (D:1)
  2 quokkas
  3 frilled lizards
  4 kobolds
  2 rats (D:2)
98 creatures vanquished.

Notes
Turn   | Place    | Note
-------+----------+-------------------------------------------
     0 | D:1      | tizbic2 the Troll Fighter began the quest for the Orb.
     0 | D:1      | Reached XP level 1. HP: 22/22 MP: 0/0
   145 | D:1      | Reached XP level 2. HP: 29/29 MP: 1/1
   745 | D:2      | Reached skill level 1 in Shapeshifting
   783 | D:2      | Noticed Jessica
   805 | D:1      | Reached XP level 3. HP: 33/36 MP: 2/2
   834 | D:2      | Reached skill level 1 in Unarmed Combat
  1357 | D:2      | Killed Jessica
  1358 | D:2      | Reached skill level 2 in Shapeshifting
  1564 | D:3      | Reached XP level 4. HP: 41/44 MP: 3/3
  1679 | D:3      | Found a faded altar of an unknown god.
  1811 | D:3      | Reached skill level 3 in Shapeshifting
  1811 | D:3      | Reached XP level 5. HP: 46/50 MP: 4/4
  1887 | D:3      | Identified the +2 hat of Farfalle {Will- Regen+ Int-2
                  | Dex+6}
  2289 | D:4      | Reached skill level 4 in Shapeshifting
  2289 | D:4      | Reached XP level 6. HP: 59/59 MP: 5/5
  2436 | D:4      | Noticed Pikel
  2449 | D:4      | Killed Pikel
  2450 | D:4      | Reached skill level 6 in Shapeshifting
  2450 | D:4      | Reached XP level 7. HP: 49/66 MP: 6/6
  2477 | D:4      | Reached skill level 5 in Unarmed Combat
  2480 | D:4      | Reached XP level 8. HP: 43/74 MP: 7/7
  2497 | D:4      | Found a stormy altar of Qazlal.
  2497 | D:4      | Noticed an air elemental
  2549 | D:4      | Became a worshipper of Qazlal Stormbringer
  2979 | D:5      | Entered Level 5 of the Dungeon
  3015 | D:5      | Found an iron altar of Okawaru.
  3119 | D:5      | Reached skill level 7 in Shapeshifting
  3267 | D:5      | Reached * piety under Qazlal
  3291 | D:5      | Reached skill level 8 in Shapeshifting
  3358 | D:5      | Found a broken altar of Ashenzari.
  3674 | D:5      | Slain by a gnoll

Illustrated notes

Levels and vault maps discovered:
D:1:      dpeg_arrival_simpleton_c, layout_loops_ring, kennysheep_minor_cross
D:2:      layout_loops_corners, uniq_jessica
D:3:      layout_basic, hellmonk_ecumenical_altar_heavens_door
D:4:      layout_cave_pods, nicolae_qazlal_style_of_elements, uniq_pikel
D:5:      layout_loops_corners, ashenzari_altar_1, okawaru_gym_becter,
          hangedman_abyss_or_decor_slice, st_stairs_6, minmay_misc_feat_enclosed

Skill      XL: |  1  2  3  4  5  6  7  8 |
---------------+-------------------------+-----
Maces & Flails | 2 |  2.0
Shapeshifting  | 1 2 3 4 6 8 |  8.5
Unarmed Combat | 1 2 3 4 5 |  5.1
Fighting       | |  2.5
Dodging        | |  2.5
Shields        | |  2.9

Action                     |  1- 3 |  4- 6 |  7- 9 || total
---------------------------+-------+-------+-------++-------
  Melee: Flail             |    77 |    63 |       ||   140
         Mace              |    16 |    27 |       ||    43
         Giant spiked club |       |     2 |    30 ||    32
         Unarmed           |       |       |    52 ||    52
         Hand axe          |       |       |    38 ||    38
         Punch             |       |       |     1 ||     1
    Use: Scroll            |       |     1 |     6 ||     7
         Potion            |       |     1 |       ||     1
 Armour: Robe              |    60 |    92 |   119 ||   271
  Dodge: Dodged            |    31 |    24 |    67 ||   122
  Block: Kite shield       |    38 |    39 |    17 ||    94
         Other             |       |       |     2 ||     2
         Form:             |     2 |     1 |       ||     3
         Statue            |     2 |       |     1 ||     3
         Beast             |     1 |     1 |       ||     2
         Blade             |       |       |     1 ||     1
